 Dungeon Crawl Stone Soup version 0.19-b1-3-g7dea586 (webtiles) character file.

5 cedor the Vexing (level 1, -3/7 HPs)
             Began as a Felid Enchanter on Oct 28, 2016.
             Slain by a gnoll
             ... wielding a +0 flail
              (10 damage)
             ... on level 3 of the Dungeon.
             The game lasted 00:03:01 (208 turns).

cedor the Vexing (Felid Enchanter)                   Turns: 208, Time: 00:03:02

Health: -3/7       AC:  1    Str:  4    XL:     1   Next: 66%
Magic:  3/4        EV: 18    Int: 16    God:
Gold:   9          SH:  0    Dex: 16    Spells: 1 memorised, 3 levels left
                                        Lives:  0   Deaths: 0

rFire  . . .     SeeInvis +       - Unarmed
rCold  . . .     Gourm    .     (armour unavailable)
rNeg   . . .     Faith    .     (shield unavailable)
rPois  .         Spirit   .     (helmet unavailable)
rElec  .         Reflect  .     (cloak unavailable)
rCorr  .         Harm     .     (gloves unavailable)
MR     .....                    (boots unavailable)
Stlth  +++.......               (no amulet)
                                (no ring)
                                (no ring)

@: quick
A: no armour, no weapons or thrown items, stealth, claws 1, fangs 3, see
invisible, carnivore 3, speed 1, shaggy fur 1, slow metabolism 1, sharp paws
a: no special abilities


You were on level 3 of the Dungeon.
You were full.

You visited 1 branch of the dungeon, and saw 3 of its levels.

You collected 9 gold pieces.


Innate Abilities, Weirdness & Mutations

You cannot wear armour.
You are incapable of wielding weapons or throwing items.
Your paws allow you to move quietly. (Stealth)
You have sharp claws.
You have razor-sharp teeth.
You have supernaturally acute eyesight. (SInv)
You are carnivorous and can eat meat at any time.
You cover ground quickly.
You are covered in fur. (AC +1)
You have a slow metabolism.
Your sharp claws are effective at attacking unaware monsters.


   Skills:
 + Level 3.0 Dodging
 + Level 4.1 Stealth
 + Level 1.3 Unarmed Combat
 - Level 2.0 Spellcasting
 - Level 4.4 Hexes


You had 3 spell levels left.
You knew the following spells:

 Your Spells              Type           Power        Failure   Level  Hunger
Z - Corona                Hex            ###....      4%          1    #......

Inventory:

Scrolls
 c - a scroll of blinking {unknown}
 e - a scroll of random uselessness {unknown}
Potions
 d - 2 potions of might {unknown}
Books
 a - a book of Maledictions

   Spells                             Type                      Level
   a - Corona                         Hexes                        1
   b - Ensorcelled Hibernation        Hexes/Ice                    2
   c - Confuse                        Hexes                        3
   d - Tukima's Dance                 Hexes                        3
   e - Dazzling Spray                 Conjuration/Hexes            3
Comestibles
 b - a meat ration

Dungeon Overview and Level Annotations

Branches:
Dungeon (3/15)

Altars:

▒.▒▒▒▒.▒▒▒▒▒▒▒▒▒.▒▒
▒.▒▒.....g.....g...
▒.▒▒.▒.▒▒▒▒▒▒▒▒...▒
▒.▒▒.▒.▒ ▒.....
▒......▒ ▒▒...▒
▒▒▒▒▒.▒▒▒ ▒▒.▒▒
▒.......▒ ▒.▒
▒.▒g▒▒▒.▒ ▒.▒ ▒.▒h▒
.▒ ▒+▒ ▒.▒.▒▒▒.▒
▒.▒.....▒
▒.▒▒....▒▒
.▒▒▒▒▒..).....▒
........<.........
..▒▒▒▒▒▒▒▒▒▒...▒▒▒
..▒▒ .▒▒


You could see a gnoll.


Message History

Confirm with . or Enter, or press ? or * to list all spells.
Aiming: Corona
Press: ? - help, Shift-Dir - straight line, f - gnoll
Aim: a gnoll, wielding a flail (chance to defeat MR: 61%)
The gnoll is outlined in light.
You scratch the gnoll.
The gnoll is lightly wounded.
The gnoll barely misses you.
You scratch the gnoll.
The gnoll is moderately wounded.
The gnoll completely misses you.
You scratch the gnoll.
The gnoll is moderately wounded.
The gnoll closely misses you.
You scratch the gnoll but do no damage.
The gnoll is moderately wounded.
The gnoll closely misses you.
You scratch the gnoll but do no damage.
The gnoll is moderately wounded.
You scratch the gnoll.
The gnoll is heavily wounded.
The gnoll barely misses you.
You scratch the gnoll but do no damage.
The gnoll is heavily wounded.
The gnoll misses you.
You scratch the gnoll but do no damage.
The gnoll is heavily wounded.
The gnoll hits you with a flail!
Ouch! That really hurt!
You die...

Action                   || total
-------------------------++-------
Melee: Unarmed           ||    18
 Cast: Corona            ||     4
 Stab: Sleeping          ||     4
  Eat: Chunk             ||     2
Dodge: Dodged            ||     9

Vault maps used:
D:1:      dpeg_arrival_houses_and_road
D:2:      yredelemnul_forgotten_temple_becter, lemuel_round_altar, first_bread,
          minmay_joined_circles, uniq_robin
D:3:      uniq_grinder

Notes
Turn   | Place    | Note
-------+----------+-------------------------------------------
     0 | D:1      | cedor the Felid Enchanter began the quest for the Orb.
     0 | D:1      | Reached XP level 1. HP: 7/7 MP: 4/4
   130 | D:3      | Reached skill level 3 in Dodging
   208 | D:3      | Slain by a gnoll

Vanquished Creatures
  A hobgoblin (D:2)
  2 goblins
  3 kobolds
6 creatures vanquished.
